 Dungeon Crawl Stone Soup version 0.24.0-123-gd5b16e6ec5 (webtiles) character file.

Game seed: 9973950981354660, levelgen mode: deterministic

190 DavidChitty2 the Conjurer (level 5, 0/28 HPs)
             Began as a Deep Elf Conjurer on Jan 14, 2020.
             Slain by a hound (4 damage)
             ... on level 3 of the Dungeon on Jan 15, 2020.
             The game lasted 00:08:40 (2775 turns).

DavidChitty2 the Conjurer (Deep Elf Conjurer)       Turns: 2775, Time: 00:08:42

Health: 0/28       AC:  4    Str:  5    XL:     5   Next: 41%
Magic:  0/13       EV: 14    Int: 21    God:
Gold:   153        SH:  0    Dex: 15    Spells: 6/13 levels left

rFire    . . .     SeeInvis .   b - +0 hunting sling
rCold    . . .     Gourm    .   (no shield)
rNeg     . . .     Faith    .   k - +0 robe
rPois    .         Spirit   .   (no helmet)
rElec    .         Reflect  .   i - +0 cloak
rCorr    .         Harm     .   n - +0 pair of gloves
MR       .....                  (no boots)
Stlth    ++........             (no amulet)
HPRegen  0.09/turn              (no ring)
MPRegen  0.13/turn              (no ring)

@: no status effects
A: no striking features
a: no special abilities


You were on level 3 of the Dungeon.
You were not hungry.

You visited 1 branch of the dungeon, and saw 3 of its levels.

You collected 153 gold pieces.

Inventory:

Hand Weapons
 a - a +0 spear
   (You found it on level 1 of the Dungeon)
 b - a +0 hunting sling (weapon)
   (You found it on level 2 of the Dungeon)
Missiles
 l - 88 stones (quivered)
 o - 2 throwing nets {!f}
Armour
 i - a +0 cloak (worn)
   (You found it on level 2 of the Dungeon)
 k - a +0 robe (worn)
 n - a +0 pair of gloves (worn)
   (You found it on level 2 of the Dungeon)
Wands
 c - a wand of disintegration (8)
   (You found it on level 2 of the Dungeon)
Scrolls
 d - 3 scrolls of identify {@r1}
 g - a scroll of magic mapping {unknown}
 j - a scroll of amnesia {unknown}
 m - a scroll of teleportation {unknown}
Potions
 h - a potion of brilliance {unknown}
Comestibles
 e - 4 rations {!d}
 f - 4 chunks of flesh


   Skills:
 + Level 4.0 Dodging
 - Level 2.4 Stealth
 + Level 4.6 Spellcasting
 * Level 6.1 Conjurations


You had 6 spell levels left.
You knew the following spells:

 Your Spells              Type           Power        Failure   Level  Hunger
a - Magic Dart            Conj           ####         1%          1    None
s - Searing Ray           Conj           ####..       1%          2    #......
x - Iskenderun's Mystic   Conj           ####....     9%          4    ####...

Your spell library contained the following spells:

 Spells                   Type           Power        Failure   Level  Hunger
 Dazzling Spray           Conj/Hex       ###...       10%         3    ##.....
 Force Lance              Conj/Tloc      ###.....     32%         4    ####...
 Fulminant Prism          Conj/Hex       ###.......   32%         4    ####...


Dungeon Overview and Level Annotations

Branches:
Dungeon (3/15)

Altars:
Yredelemnul


Message History

Firing (i - inventory. (/) - cycle)
l - 96 stones (quivered)
Aim: a hound (moderately wounded)
You shoot a stone. The stone hits the hound.
The hound closely misses you. The hound barely misses you.
Firing (i - inventory. (/) - cycle)
l - 95 stones (quivered)
Aim: a hound (heavily wounded)
You shoot a stone. The stone hits the hound.
The hound bites you.
* * * LOW HITPOINT WARNING * * *
The hound bites you.
* * * LOW HITPOINT WARNING * * *
Aim: a hound (almost dead)
The magic dart hits the hound.
The hound pauses to sniff the ground.
The hound bites you.
* * * LOW HITPOINT WARNING * * *
Firing (i - inventory. (/) - cycle)
l - 94 stones (quivered)
Aim: a hound (almost dead)
You shoot a stone. The stone hits the hound.
You kill the hound!
Your Dodging skill increases to level 4!
Your Conjurations skill increases to level 6!
The hound completely misses you.
Firing (i - inventory. (/) - cycle)
l - 93 stones (quivered)
Aim: a hound (moderately wounded)
You shoot a stone. The stone barely misses the hound.
The hound bites you.
* * * LOW HITPOINT WARNING * * *
Firing (i - inventory. (/) - cycle)
l - 92 stones (quivered)
Aim: a hound (moderately wounded)
You shoot a stone. The stone hits the hound.
The hound completely misses you. The hound closely misses you.
Firing (i - inventory. (/) - cycle)
l - 91 stones (quivered)
Aim: a hound (heavily wounded)
You shoot a stone. The stone barely misses the hound.
The hound bites you.
* * * LOW HITPOINT WARNING * * *
The hound bites you but does no damage.
Firing (i - inventory. (/) - cycle)
l - 90 stones (quivered)
Aim: a hound (heavily wounded)
You shoot a stone.
The stone hits the hound but does no damage.
The hound barely misses you. The hound closely misses you.
Your magical contamination has completely faded away.
Firing (i - inventory. (/) - cycle)
l - 89 stones (quivered)
Aim: a hound (heavily wounded)
You shoot a stone. The stone closely misses the hound.
The hound completely misses you. The hound bites you.
* * * LOW HITPOINT WARNING * * *
Some of the chunks of flesh in your inventory have rotted away.
Aim: a hound (heavily wounded)
The magic dart hits the hound.
The hound bites you.
You die...

##.##...# #.)÷...≈..÷...#
#.###..####.#.###≈#.....#
#..#...##)).#..+#≈#.....#
##.#....#.#######≈#.....#
##.....÷...# ###.....#
#.......#..# ......#
#.#.#.###..# ........
#.#........# ####.....
#.....####@# ####.>####h#
###......(# #........##
+........# #........#
#........# #........#
#........#


You could see a hound.

Vanquished Creatures
  A hound (D:3)
  7 gnolls
  3 adders (D:3)
  An ooze (D:1)
  A worm (D:2)
  4 leopard geckos
  An orc (D:3)
  3 giant cockroaches
  A goblin (D:1)
  5 hobgoblins
  9 jackals
  6 kobolds
  2 quokkas
  5 bats
  7 rats
56 creatures vanquished.

Notes
Turn   | Place    | Note
-------+----------+-------------------------------------------
     0 | D:1      | DavidChitty2 the Deep Elf Conjurer began the quest for the
                  | Orb.
     0 | D:1      | Reached XP level 1. HP: 10/10 MP: 6/6
   251 | D:1      | Reached XP level 2. HP: 15/15 MP: 5/8
   255 | D:1      | Learned a level 2 spell: Searing Ray
   828 | D:1      | Reached skill level 5 in Conjurations
   831 | D:1      | Reached XP level 3. HP: 19/19 MP: 2/10
  1816 | D:2      | Reached XP level 4. HP: 23/24 MP: 1/12
  1914 | D:2      | Learned a level 4 spell: Iskenderun's Mystic Blast
  1968 | D:2      | Found a basalt altar of Yredelemnul.
  2554 | D:3      | Reached XP level 5. HP: 28/28 MP: 2/13
  2769 | D:3      | Reached skill level 6 in Conjurations
  2775 | D:3      | Slain by a hound

Levels and vault maps discovered:
D:1:      nzn_arrival_crosshair, layout_loops_ring, serial_bayou_ford_a
D:2:      layout_loops_cross, yredelemnul_altar_generic
D:3:      layout_basic, first_ration, serial_rivers,
          chequers_serial_rivers_large_a, chequers_serial_rivers_room_b,
          chequers_serial_rivers_micro_b, chequers_serial_rivers_small_3,
          chequers_serial_rivers_micro_e, chequers_serial_rivers_small_a,
          chequers_ecumenical_altar_simple, cheibrodos_gnoll_hut

Skill      XL: |  1  2  3  4  5 |
---------------+----------------+-----
Dodging        | 3 4 |  4.0
Conjurations   | 5 6 |  6.1
Spellcasting   | 4 |  4.6
Stealth        | |  2.4

Action                   |  1- 3 |  4- 6 || total
-------------------------+-------+-------++-------
Melee: Spear             |     2 |       ||     2
 Fire: Hunting sling     |       |    10 ||    10
 Cast: Magic Dart        |    62 |    50 ||   112
       Searing Ray       |     4 |     1 ||     5
       Iskenderun's Myst |       |     2 ||     2
  Use: Scroll            |     1 |       ||     1
  Eat: Chunk             |     2 |     4 ||     6
Armor: Robe              |       |     6 ||     6
Dodge: Dodged            |     3 |    27 ||    30
